 Dungeon Crawl Stone Soup version 0.22.1 (webtiles) character file.

110 Riddle the Sneak (level 4, -5/18 HPs)
             Began as a Felid Enchanter on Sept 17, 2018.
             Was an Initiate of Jiyva.
             Killed by divine providence
             ... invoked by an orc priest
              (15 damage)
             ... on level 4 of the Dungeon.
             The game lasted 00:16:06 (5670 turns).

Riddle the Sneak (Felid Enchanter)                  Turns: 5670, Time: 00:16:08

Health: -5/18      AC:  1    Str:  4    XL:     4   Next: 61%
Magic:  3/9        EV: 18    Int: 18    God:    Jiyva [......]
Gold:   209        SH:  0    Dex: 16    Spells: 2/8 levels left
                                        Lives:  0   Deaths: 1

rFire    . . .     SeeInvis +     - Unarmed
rCold    . . .     Gourm    .   (shield unavailable)
rNeg     . . .     Faith    .   (armour unavailable)
rPois    .         Spirit   .   (helmet unavailable)
rElec    .         Reflect  .   (cloak unavailable)
rCorr    .         Harm     .   (gloves unavailable)
MR       .....                  (boots unavailable)
Stlth    ++++......             (no amulet)
HPRegen  0.06/turn              (no ring)
MPRegen  0.11/turn              (no ring)

@: quick
A: very small, no armour, no weapons or thrown items, stealth, claws 1, fangs 3,
see invisible, carnivore, speed 1, shaggy fur 1, slow metabolism 1, sharp paws
a: Renounce Religion


You were on level 4 of the Dungeon.
You worshipped Jiyva.
Jiyva was noncommittal.
You were very full.

You visited 2 branches of the dungeon, and saw 5 of its levels.

You collected 209 gold pieces.

Inventory:

Scrolls
 a - 2 scrolls of teleportation
 c - a scroll of identify
 g - a scroll of blinking {unknown}
 h - 3 scrolls of amnesia {unknown}
 j - 2 scrolls of magic mapping {unknown}
 k - 2 scrolls of remove curse {unknown}
 l - a scroll of enchant armour {unknown}
Potions
 d - 2 potions of curing {unknown}
 e - a potion of lignification {unknown}
 i - a potion of haste {unknown}
 m - a potion of flight {unknown}
Comestibles
 b - 7 rations
 f - 4 chunks of flesh


   Skills:
 - Level 0.4 Fighting
 - Level 3.0 Dodging
 * Level 5.8 Stealth
 * Level 1.7 Unarmed Combat
 * Level 2.9 Spellcasting
 * Level 5.8 Hexes
 + Level 0.7 Ice Magic


You had 2 spell levels left.
You knew the following spells:

 Your Spells              Type           Power        Failure   Level  Hunger
a - Corona                Hex            ###....      1%          1    None
b - Ensorcelled Hibernat  Hex/Ice        ##....       6%          2    ##.....
c - Confuse               Hex            ###.....     4%          3    ###....

Your spell library contained the following spells:

 Spells                   Type           Power        Failure   Level  Hunger
 Tukima's Dance           Hex            ###.....     4%          3    ###....
 Dazzling Spray           Conj/Hex       ##....       14%         3    ###....


Dungeon Overview and Level Annotations

Branches:
Dungeon (4/15)             Temple (1/1) D:4

Altars:
Cheibriados
Hepliaklqana
Kikubaaqudgha
Makhleb
Okawaru
Qazlal
Ru
Sif Muna
Uskayaw
Wu Jian
Xom
The Shining One
Jiyva


Innate Abilities, Weirdness & Mutations

You cannot wear armour.
You are incapable of wielding weapons or throwing items.
Your paws allow you to move quietly. (Stealth)
You have sharp claws.
You have razor-sharp teeth.
You have supernaturally acute eyesight. (SInv)
You are carnivorous and can eat meat at any time.
You cover ground quickly.
You are covered in fur. (AC +1)
You have a slow metabolism.
Your sharp claws are effective at attacking unaware monsters.


Message History

You barely miss the orc wizard.
The orc wizard is severely wounded.
The orc priest seems less confused.
The orc wizard casts a spell.
The orc wizard flickers and vanishes for a moment.
The orc priest looks satisfied for a moment.
You barely miss the orc wizard.
The orc wizard is severely wounded.
The orc wizard misses you.
The orc priest hits you with a flail of protection.
You scratch the orc wizard but do no damage.
The orc wizard is severely wounded.
The orc wizard completely misses you. The orc priest closely misses you.
You scratch the orc wizard but do no damage.
The orc wizard is severely wounded.
The orc wizard hits you with a dagger.
The orc priest calls down the wrath of Beogh upon you.
Beogh smites you!
Ouch! That really hurt!
You die...

#.## #.#####.# #.# ######.##
#.# #.###.# ........# #.#
#.##..# ######..#
#.#####.##..# #.J#
#...........####
##..###...#...#......#
#.........#.⌠.#...##.#
#####...###.###...###.##.#
........##.....o@.....##.#
#.##.(...J...⌠..o..⌠..##.# .#
#.##..................##.# .#
#.###.#####.###...###.##.###.#
#.# #.# #...#.⌠.#........#.#
#.# #.# ....#...#........#.#
#.# #.# #.................#.##
#.# #.#
..##.#.##............## #.#
#.. .......######......#..##


You could see an orc priest, an orc wizard (invisible) and a neutral jelly
(fellow slime).

Vanquished Creatures
  A bullfrog zombie (D:3)
  A worker ant (D:4)
  3 adders
  3 worms
  A dart slug (D:1)
  2 leopard geckos (D:1)
  7 orcs (D:4)
  A ball python (D:2)
  5 giant cockroaches
  8 goblins
  8 hobgoblins
  4 jackals (D:1)
  9 kobolds
  4 quokkas
  6 bats
  6 frilled lizards
  A jackal skeleton (D:4)
  7 rats
77 creatures vanquished.

Vanquished Creatures (others)
  An orc wizard (D:4)
  A hound skeleton (D:4)
  A ball python (D:4)
3 creatures vanquished.

Grand Total: 80 creatures vanquished

Notes
Turn   | Place    | Note
-------+----------+-------------------------------------------
     0 | D:1      | Riddle the Felid Enchanter began the quest for the Orb.
     0 | D:1      | Reached XP level 1. HP: 7/7 MP: 4/4
   758 | D:1      | Reached XP level 2. HP: 5/11 MP: 4/6
   956 | D:1      | Learned a level 2 spell: Ensorcelled Hibernation
  1762 | D:1      | Reached XP level 3. HP: 15/15 MP: 0/7
  2585 | D:2      | Found a shimmering altar of Xom.
  2629 | D:2      | Learned a level 3 spell: Confuse
  2770 | D:2      | Reached skill level 5 in Hexes
  3094 | D:2      | Reached skill level 5 in Stealth
  3457 | D:2      | Reached XP level 4. HP: 17/18 MP: 0/8
  3825 | D:2      | Found an ancient bone altar of Kikubaaqudgha.
  4546 | D:3      | Found a stormy altar of Qazlal.
  4905 | D:4      | Found a staircase to the Ecumenical Temple.
  4943 | Temple   | Entered the Ecumenical Temple
  5105 | Temple   | Became a worshipper of Jiyva Jimp the Shapeless
  5221 | D:4      | Reached XP level 5. HP: 17/21 MP: 5/10
  5348 | D:4      | Killed from afar by an orc priest
  5349 | D:4      | Reached XP level 4. HP: -9/18 MP: 6/9
  5561 | D:4      | Reached * piety under Jiyva
  5670 | D:4      | Killed from afar by an orc priest

Skill      XL: |  1  2  3 |
---------------+----------+-----
Dodging        | 3 |  3.0
Hexes          | 5 |  5.8
Stealth        | 5 |  5.8
Fighting       | |  0.4
Unarmed Combat | |  1.7
Spellcasting   | |  2.9
Ice Magic      | |  0.7

Action                   |  1- 3 |  4- 6 || total
-------------------------+-------+-------++-------
Melee: Unarmed           |   127 |    82 ||   209
       Bite              |     8 |     3 ||    11
       Punch             |     1 |       ||     1
 Cast: Corona            |     8 |       ||     8
       Ensorcelled Hiber |    40 |    32 ||    72
       Confuse           |     3 |     4 ||     7
Invok: Request Jelly     |       |     1 ||     1
  Use: Scroll            |     2 |       ||     2
 Stab: Sleeping          |    31 |    24 ||    55
       Confused          |     1 |     2 ||     3
  Eat: Chunk             |    16 |    11 ||    27
Armor: Skin              |     3 |     1 ||     4
Dodge: Dodged            |   109 |    58 ||   167
